 Dungeon Crawl Stone Soup version 0.27-a0-1187-ge80a49f48c (webtiles) character file.

Game seed: 9017517130410501652

25869 EnegeticOcto the Archer (level 13, 0/94 HPs)
             Began as a Djinni Delver on May 20, 2021.
             Was a Priest of Dithmenos.
             Slain by a cane toad (22 damage)
             ... on level 3 of the Lair of Beasts.
             The game lasted 00:44:44 (24546 turns).

EnegeticOcto the Archer (Djinni Delver)            Turns: 24546, Time: 00:44:45

Health: 0/94       AC:  7    Str: 11    XL:     13   Next: 53%
Gold:   806        EV: 13    Int: 22    God:    Dithmenos [***...] SH:  0 Dex: 16

rFire    + + .     SeeInvis .   b - +0 longbow (venom)
rCold    x . .     Faith    .   (shield currently unavailable)
rNeg     . . .     Spirit   .   M - +0 steam dragon scales
rPois    ∞         Reflect  .   (no helmet)
rElec    .         Harm     .   l - +1 cloak
rCorr    .         Rampage  .   (no gloves)
Will     +....                  (boots unavailable)
Stlth    +++++.....             p - amulet of the acrobat
HPRegen  0.25/turn              U - +4 ring of slaying
MPRegen  0.00/turn              s - +6 ring of intelligence

@: flying, wreathed by umbra
A: sickness immunity, fire resistance 2, cold vulnerability 1, float, innate
caster, hp casting, extra vitality 1
a: Renounce Religion, Shadow Step


You were on level 3 of the Lair of Beasts.
You worshipped Dithmenos.
Dithmenos was most pleased with you.
You visited 3 branches of the dungeon, and saw 15 of its levels.

You collected 806 gold pieces.

Inventory:

Hand Weapons
 a - the +6 quarterstaff of Impeachment {vorpal, rPois rN+ rCorr}
   (You found it on level 6 of the Dungeon)

   It inflicts extra damage upon your enemies.
   It protects you from poison.
   It protects you from negative energy.
   It protects you from acid and corrosion.
 b - a +0 longbow of venom (weapon)
   (You found it on level 9 of the Dungeon)
 y - a +2 vampiric trident
   (You took it off an orc on level 4 of the Dungeon)
 A - a +2 halberd of freezing
   (You took it off a wight on level 4 of the Dungeon)
 G - a +2 dagger of speed
   (You took it off a kobold on level 1 of the Dungeon)
 O - a +2 scimitar of distortion
   (You took it off a wight on level 8 of the Dungeon)
Missiles
 r - 4 curare-tipped darts
 u - 4 throwing nets {!f}
 R - 128 arrows (quivered ammo)
Armour
 h - the +0 helmet of the Good {-Tele Rampage rC++ SInv}
   (You found it on level 8 of the Dungeon)

   It greatly protects you from cold.
   It lets you see invisible.
   It prevents most forms of teleportation.
   It bestows one free step when moving towards enemies.
 l - a +1 cloak (worn)
   (You found it on level 4 of the Dungeon)
 M - +0 steam dragon scales (worn)
   (You found it on level 7 of the Dungeon)
 Y - +0 acid dragon scales
   (You found it on level 10 of the Dungeon)
Magical Staves
 Q - a staff of poison
   (You found it on level 5 of the Dungeon)
Jewellery
 k - a ring of positive energy
   (You found it on level 4 of the Dungeon)
 p - an amulet of the acrobat (around neck)
   (You found it on level 6 of the Dungeon)
 s - a +6 ring of intelligence (right hand)
   (You found it on level 1 of the Dungeon)
 I - a ring of positive energy
   (You found it on level 6 of the Dungeon)
 N - a ring of protection from cold
   (You found it on level 8 of the Dungeon)
 S - the ring of False Pretenses {rPois rN+ Str+3 Int+3 Dex-2}
   (You found it on level 9 of the Dungeon)

   [ring of positive energy]

   It affects your strength (+3).
   It affects your intelligence (+3).
   It affects your dexterity (-2).
   It protects you from poison.
   It protects you from negative energy.
 T - a ring of willpower
   (You found it on level 10 of the Dungeon)
 U - a +4 ring of slaying (left hand)
   (You found it on level 10 of the Dungeon)
 V - a ring of protection from fire
   (You found it on level 10 of the Dungeon)
Wands
 g - a wand of digging (3) {@v3}
 j - a wand of polymorph (9)
   (You found it on level 5 of the Dungeon)
 t - a wand of mindburst (22)
   (You found it on level 4 of the Dungeon)
 D - a wand of iceblast (15) {@v2}
   (You found it on level 1 of the Lair of Beasts)
 E - a wand of charming (12)
   (You found it on level 2 of the Lair of Beasts)
 H - a wand of flame (30) {@v4}
   (You found it on level 6 of the Dungeon)
 J - a wand of paralysis (2)
   (You found it on level 7 of the Dungeon)
Scrolls
 c - 4 scrolls of fog {!r}
 d - a scroll of magic mapping {@r5 !r}
 e - 2 scrolls of fear {!r}
 n - a scroll of blinking {@r4}
 w - 2 scrolls of enchant armour
 B - a scroll of immolation
 K - 2 scrolls of enchant weapon
 X - a scroll of teleportation {@r3 !r}
 Z - 2 scrolls of vulnerability
Potions
 f - 4 potions of haste {@q4 !q}
 i - 2 potions of ambrosia
 m - 3 potions of cancellation
 o - 2 potions of flight {unknown}
 q - 4 potions of lignification {@q6}
 v - 2 potions of degeneration {unknown}
 x - 3 potions of berserk rage
 z - 3 potions of brilliance
 C - 2 potions of curing {unknown}
 L - a potion of invisibility
 W - a potion of mutation {unknown}
Miscellaneous
 P - a phantom mirror (inert)
   (You found it on level 9 of the Dungeon)


   Skills:
 - Level 9.0 Fighting
 - Level 4.0 Short Blades
 - Level 2.3 Staves
 + Level 12.1 Bows
 - Level 4.0 Dodging
 - Level 6.0 Stealth
 - Level 9.0 Spellcasting
 - Level 4.0 Evocations


You had 11 spell levels left.
You knew the following spells:

 Your Spells              Type           Power      Damage    Failure   Level
a - Sting                 Tmut/Pois      100%       1d8       1%          1
b - Slow                  Hex            49%        N/A       1%          2
c - Lee's Rapid Deconstr  Erth           24%        3d14*     4%          5
d - Irradiate             Conj/Tmut      24%        3d21      4%          5
m - Animate Dead          Necr           24%        N/A       1%          4
Y - Blink                 Tloc           N/A        N/A       1%          2
Your spell library was empty.

Dungeon Overview and Level Annotations

Branches:
Dungeon (11/15)            Temple (1/1) D:5            Lair (3/6) D:8
  Swamp: Lair:2-4    Shoals: Lair:2-4     Snake: Lair:2-4    Spider: Lair:2-4
    Orc: D:9-12

Altars:
Ashenzari
Cheibriados
Dithmenos
Elyvilon
Fedhas
Gozag
Kikubaaqudgha
Makhleb
Nemelex Xobeh
Okawaru
Qazlal
Ru
Sif Muna
Trog
Uskayaw
Vehumet
Xom
Zin
The Shining One

Shops:
D:10 :

Annotations:
D:7 onwiheg's ghost, novice FoFi


Innate Abilities, Weirdness & Mutations

You are immune to sickness and miasma.
You are immune to poison.
Your flesh is very heat resistant. (rF++)
You are vulnerable to cold. (rC-)
You float through the air rather than walking.
You learn spells naturally, not from books.
Your magical power is your life essence.
You have superior vitality. (+4 HP)


Message History

The arrow barely misses the wolf.
The arrow barely misses the wolf.
The wolf barely misses you. The wolf misses you.
Fire: 122 arrows
Press: ? - help, Q - select action, (/) - cycle Shift-Dir - straight line, f/p - wolf
Aim: a wolf (almost dead, extremely poisoned, umbra, 58% to hit)
You shoot an arrow. The arrow hits the wolf!!
You kill the wolf!
Dithmenos accepts your kill.
Fire: 121 arrows
Press: ? - help, Q - select action, (/) - cycle Shift-Dir - straight line, f - wolf
Aim: a wolf (umbra, 58% to hit)
You shoot an arrow. The arrow hits the wolf!
The wolf is severely wounded.
The wolf bites you. The wolf misses you.
Fire: 120 arrows
Press: ? - help, Q - select action, (/) - cycle Shift-Dir - straight line, f/p - wolf
Aim: a wolf (severely wounded, umbra, 58% to hit)
You shoot an arrow. The arrow hits the wolf!
You kill the wolf!
Dithmenos accepts your kill. The wolf bites you but does no damage.
Fire: 119 arrows
Press: ? - help, Q - select action, (/) - cycle Shift-Dir - straight line, f - wolf
Aim: a wolf (umbra, 58% to hit)
You shoot an arrow. The arrow barely misses the wolf.
The arrow barely misses the blink frog.
The wolf misses you. The wolf barely misses you.
Fire: 118 arrows
Press: ? - help, Q - select action, (/) - cycle Shift-Dir - straight line, f/p - wolf
Aim: a wolf (umbra, 58% to hit)
You shoot an arrow. The arrow barely misses the wolf.
The arrow closely misses the blink frog.
The wolf barely misses you.
Fire: 117 arrows
Press: ? - help, Q - select action, (/) - cycle Shift-Dir - straight line, f/p - wolf
Aim: a wolf (umbra, 58% to hit)
You shoot an arrow. The arrow hits the wolf!
The wolf is poisoned.
The wolf is heavily wounded.
The wolf bites you. The wolf completely misses you.
Fire: 116 arrows
Press: ? - help, Q - select action, (/) - cycle Shift-Dir - straight line, f/p - wolf
Aim: a wolf (heavily wounded, very poisoned, umbra, 58% to hit)
You shoot an arrow. The arrow hits the wolf!
You kill the wolf!
Dithmenos accepts your kill. The blink frog barely misses you.
Fire: 115 arrows
Press: ? - help, Q - select action, (/) - cycle Shift-Dir - straight line, f - blink frog
Aim: a blink frog (umbra, 56% to hit)
You shoot an arrow.
The arrow closely misses the blink frog.
The blink frog hits you!
* * * LOW HITPOINT WARNING * * *
Casting: Slow (safe; 1% risk of failure)
Confirm with . or Enter, or press ? or * to list all spells.
You erupt in a fountain of uncontrolled magic!
The blink frog is blasted with magical radiation!!
You kill the blink frog!
Dithmenos accepts your kill.
You are very lightly contaminated with residual magic.
* * * LOW HITPOINT WARNING * * *
You start resting.
An elephant is nearby!
A cane toad comes into view.
Items here: ( ††††.
R - 128 arrows (gained 14)
Items here: ††††.
You reach down and open the door.
A boulder beetle and a dream sheep come into view.
Found a scroll labelled MOMUUL WIWOIDO.
You reach down and close the door.
You start resting.
Your magical contamination has completely faded away.
You start resting.
A cane toad is nearby!
You start resting.
A cane toad is nearby!
You start resting.
A cane toad is nearby!
Aiming: Paralyse
Press: ? - help, Shift-Dir - straight line, f - cane toad
Aim: a cane toad (wandering, hasn't noticed you, umbra, chance to affect: 58%)
The cane toad resists with significant effort.
The cane toad barely misses you.
Aiming: Paralyse
Press: ? - help, Shift-Dir - straight line, f/p - cane toad
Aim: a cane toad (umbra, chance to affect: 58%)
The cane toad resists with significant effort.
The cane toad stings you!
* * * LOW HITPOINT WARNING * * *
Aiming: Paralyse
Press: ? - help, Shift-Dir - straight line, f/p - cane toad
Aim: a cane toad (umbra, chance to affect: 58%)
The cane toad resists with significant effort.
The cane toad stings you!
* * * LOW HITPOINT WARNING * * *
Really quaff
F - a potion of heal wounds {@q2 !q}?
You feel much better. The cane toad stings you!!
You die...

..............#
..............#
..............#
.......<......#######.#
......................#
...##.#.......##.#..##.#
.
#.##.#........#§.#.#...
$#
....###.......####.?###
#h#
.....#.........#@##...
(.
#...##........#F###.##.#
..####$.(........†F..(#
### ##.......###+###.#
#........# ... ...
.........#.###. ..##
.........#.#?#.#.##
....###..#.#+#Y#.. .###
...#PB .P#.#


You could see a cane toad.

Vanquished Creatures
  A boulder beetle (D:9)
  3 hydras
  An ugly thing (D:10)
  A black mamba (Lair:2)
  15 elephants
  3 cane toads
  A rime drake (Lair:3)
  A kobold demonologist (D:10)
  6 komodo dragons
  2 polar bears
  2 hornets
  5 blink frogs (Lair:3)
  A shadow (D:10)
  6 wyverns
  4 wraiths (D:8)
  37 yaks
  Eustachio (D:4)
  2 steam dragons
  An acid dragon (D:10)
  2 water moccasins
  An ice beast (D:8)
  2 sky beasts
  An orc warrior (D:8)
  6 black bears
  An ogre (D:6)
  5 centaurs
  10 wolves
  13 bullfrogs
  A wyvern zombie (D:8)
  3 scorpions
  A water moccasin skeleton (D:5)
  6 killer bees
  12 wights
  2 howler monkeys
  A hound (D:5)
  A jelly (D:7)
  2 orc priests
  4 centaur skeletons
  4 iguanas
  6 orc wizards
  2 killer bee zombies
  A hound skeleton (D:5)
  3 howler monkey zombies
  4 gnolls (D:4)
  8 adders
  3 white imps
  An ufetubus (D:4)
  3 worms
  4 dart slugs
  27 orcs
  3 endoplasms
  2 giant cockroaches (D:2)
  16 goblins
  10 hobgoblins
  19 jackals
  6 kobolds
  A quokka (D:3)
  3 ball pythons
  A bat (D:1)
  A frilled lizard (D:1)
  8 rats
303 creatures vanquished.

Vanquished Creatures (collateral kills)
  A cane toad (Lair:2)
  A wraith (D:8)
2 creatures vanquished.

Vanquished Creatures (others)
  16 fungi
  16 plants
32 creatures vanquished.

Grand Total: 337 creatures vanquished

Notes
Turn   | Place    | Note
-------+----------+-------------------------------------------
     0 | D:5      | EnegeticOcto the Djinni Delver began the quest for the Orb.
     0 | D:5      | Reached XP level 1. HP: 20/20 MP: 0/0
    24 | D:5      | Noticed a black bear
    24 | D:5      | Noticed a wight
    41 | D:4      | Noticed an orc priest
    97 | D:4      | Reached skill level 2 in Short Blades
    97 | D:4      | Reached XP level 2. HP: 25/25 MP: 0/0
   232 | D:3      | Reached XP level 3. HP: 27/30 MP: 0/0
   232 | D:3      | Learned a level 1 spell: Sting
   781 | D:1      | Reached skill level 1 in Spellcasting
  1194 | D:1      | Found a faded altar of an unknown god.
  1216 | D:1      | Reached XP level 4. HP: 21/35 MP: 0/0
  1913 | D:2      | Reached skill level 2 in Spellcasting
  2348 | D:3      | Reached XP level 5. HP: 37/40 MP: 0/0
  2348 | D:3      | Learned a level 2 spell: Blink
  2443 | D:3      | Found a burning altar of Makhleb.
  2636 | D:3      | Found an iron altar of Okawaru.
  3215 | D:4      | Reached skill level 3 in Spellcasting
  3601 | D:4      | Reached XP level 6. HP: 44/46 MP: 0/0
  4017 | D:4      | Found a white marble altar of Elyvilon.
  4290 | D:4      | Reached skill level 4 in Spellcasting
  5107 | D:4      | Found a faded altar of an unknown god.
  5107 | D:4      | Found a sparkling altar of Nemelex Xobeh.
  5113 | D:4      | Noticed a black bear
  5124 | D:4      | Found a broken altar of Ashenzari.
  5126 | D:4      | Found a faded altar of an unknown god.
  5585 | D:4      | Reached XP level 7. HP: 50/50 MP: 0/0
  5585 | D:4      | Learned a level 2 spell: Slow
  6056 | D:5      | Found a staircase to the Ecumenical Temple.
  6057 | D:5      | Noticed Eustachio
  6084 | D:4      | Reached skill level 5 in Spellcasting
  6701 | D:4      | Killed Eustachio
  6702 | D:4      | Reached skill level 4 in Fighting
  6702 | D:4      | Reached XP level 8. HP: 24/58 MP: 0/0
  7045 | D:5      | Reached skill level 5 in Fighting
  7045 | D:5      | Reached skill level 1 in Evocations
  7231 | D:5      | Reached skill level 2 in Evocations
  7548 | D:5      | Reached skill level 3 in Evocations
  7841 | D:4      | Reached skill level 4 in Evocations
  7907 | D:4      | Reached skill level 5 in Stealth
  7907 | D:4      | Found a snail-covered altar of Cheibriados.
  8004 | D:5      | Reached skill level 3 in Short Blades
  8096 | Temple   | Entered the Ecumenical Temple
  8111 | Temple   | Became a worshipper of Dithmenos the Shadowed
  8170 | D:5      | Reached skill level 4 in Short Blades
  8170 | D:5      | Reached XP level 9. HP: 32/65 MP: 0/0
  8170 | D:5      | Learned a level 4 spell: Animate Dead
  8662 | D:6      | Reached skill level 6 in Fighting
  8952 | D:6      | Identified the +6 quarterstaff of Impeachment {vorpal,
                  | rPois rN+ rCorr}
  9230 | D:6      | Reached skill level 7 in Fighting
  9908 | D:7      | Reached skill level 3 in Dodging
 10030 | D:7      | Reached * piety under Dithmenos
 10031 | D:7      | Reached skill level 4 in Dodging
 10684 | D:7      | Reached skill level 8 in Fighting
 10798 | D:7      | Found a stormy altar of Qazlal.
 11258 | D:8      | Reached skill level 6 in Stealth
 11439 | D:8      | Found a runed translucent gate.
 11439 | D:8      | Found a runed translucent gate.
 11439 | D:8      | Found a runed translucent gate.
 11440 | D:8      | Noticed onwiheg's ghost (novice FoFi)
 11569 | D:8      | Reached XP level 10. HP: 66/76 MP: 0/0
 11928 | D:8      | Reached skill level 6 in Spellcasting
 12506 | D:8      | Found a staircase to the Lair.
 12771 | D:8      | Reached skill level 9 in Fighting
 13030 | D:8      | Identified the +0 helmet of the Good {-Tele Rampage rC++
                  | SInv}
 14010 | D:8      | Found a runed translucent gate.
 14011 | D:8      | Found a runed translucent gate.
 14145 | D:8      | Found a runed translucent gate.
 14755 | D:9      | Noticed a boulder beetle
 14902 | D:9      | Killed a boulder beetle
 14903 | D:9      | Reached skill level 7 in Spellcasting
 15805 | D:8      | Reached skill level 8 in Spellcasting
 15805 | D:8      | Reached XP level 11. HP: 29/84 MP: 0/0
 15805 | D:8      | Learned a level 5 spell: Irradiate
 15964 | D:9      | Reached skill level 1 in Staves
 17045 | D:9      | Reached skill level 2 in Staves
 17143 | D:9      | Reached ** piety under Dithmenos
 17192 | D:9      | Identified the ring of False Pretenses {rPois rN+ Str+3
                  | Int+3 Dex-2}
 17211 | D:9      | Reached skill level 1 in Bows
 17349 | D:10     | Entered Level 10 of the Dungeon
 17378 | D:10     | Noticed a cyan ugly thing
 17556 | D:10     | Reached skill level 2 in Bows
 18076 | D:10     | Reached skill level 3 in Bows
 18078 | D:10     | Found Xoblibau's Book Emporium.
 18586 | D:10     | Killed a cyan ugly thing
 18846 | Lair:1   | Entered Level 1 of the Lair of Beasts
 18860 | Lair:1   | Noticed an elephant
 19454 | Lair:1   | Noticed a five-headed hydra
 19477 | Lair:1   | Reached skill level 4 in Bows
 19912 | Lair:1   | Noticed an elephant
 19912 | Lair:1   | Noticed an elephant
 19925 | Lair:1   | Reached skill level 9 in Spellcasting
 19953 | Lair:2   | Noticed a four-headed hydra
 19979 | Lair:2   | Reached skill level 5 in Bows
 19987 | Lair:2   | Noticed an elephant
 20268 | Lair:2   | Reached skill level 6 in Bows
 20268 | Lair:2   | Reached XP level 12. HP: 81/89 MP: 0/0
 20688 | Lair:2   | Reached skill level 7 in Bows
 21172 | Lair:2   | Reached skill level 8 in Bows
 21322 | Lair:2   | Killed a four-headed hydra
 21345 | Lair:2   | Reached *** piety under Dithmenos
 21433 | Lair:2   | Reached skill level 9 in Bows
 22028 | Lair:1   | Killed a five-headed hydra
 22095 | Lair:1   | Reached skill level 10 in Bows
 22433 | Lair:1   | Reached XP level 13. HP: 94/94 MP: 0/0
 22433 | Lair:1   | Learned a level 5 spell: Lee's Rapid Deconstruction
 23062 | Lair:1   | Identified the +1 ring mail of the Harvest {rC- rN++ rCorr
                  | Int+4}
 23091 | Lair:3   | Noticed a four-headed hydra
 23108 | Lair:3   | Killed a four-headed hydra
 23264 | Lair:3   | Reached skill level 11 in Bows
 24174 | Lair:3   | Reached skill level 12 in Bows
 24517 | Lair:3   | Noticed a boulder beetle
 24545 | Lair:3   | HP: 4/94 [cane toad (14)]
 24546 | Lair:3   | Slain by a cane toad

Illustrated notes

Levels and vault maps discovered:
D:1:      minmay_arrival_semitransparent, layout_basic,
          ebering_ecumenical_altar_sacrificial, serial_bayou_pond_b,
          hangedman_decor_clover_reticule
D:2:      layout_basic
D:3:      layout_loops_corners, okawaru_altar_gauntlet_db, lemuel_doored_altar
D:4:      minmay_skewed_foursquare, layout_layer_cave, elyvilon_altar_1,
          chequers_temple_overflow_minitemple
D:5:      layout_gridville, minmay_temple_entry_tees, wad_rectangle_vault,
          uniq_eustachio
D:6:      layout_gridville
D:7:      layout_layer_cave, pf_just_have_faith
D:8:      layout_layer_cave, david_lair_generic, gammafunk_ghost_spectres,
          st_stairs_6
D:9:      layout_cross, nicolae_sif_muna_little_library, corexii_checkpoint_a
D:10:     layout_irregular_city, serial_shops, shop, serial_co_window_serial,
          co_window_paths_a, co_window_of_opportunity_a, co_window_paths_a,
          co_window_cross_1, co_window_paths_a, co_window_2corner,
          co_window_paths_c, co_window_cross_3, co_window_of_opportunity_c,
          co_window_broadway_c, co_window_corner_cb, co_window_4corner_a,
          co_window_paths_e
D:11:     layout_irregular_city, david_orc_1_choice
Temple:   nicolae_temple_great_sept
Lair:1:   layout_hall_layers, beast_lair_carwin_7
Lair:2:   layout_hall_layers, st_stairs_13
Lair:3:   layout_regular_city, chequers_serial_rivers_micro_d,
          minmay_shattered_shrine, grunt_megastairs_2

Skill      XL: |  1  2  3  4  5  6  7  8  9 10 11 12 13 |
---------------+----------------------------------------+-----
Short Blades   | 2 4 |  4.0
Spellcasting   | 1 2 3 4 5 8 9 |  9.0
Fighting       | 4 5 8 9 |  9.0
Evocations     | 4 |  4.0
Stealth        | 5 6 |  6.0
Dodging        | 4 |  4.0
Staves         | 2 |  2.3
Bows           | 6 10 12 | 12.1

Action                   |  1- 3 |  4- 6 |  7- 9 | 10-12 | 13-15 || total
-------------------------+-------+-------+-------+-------+-------++-------
Melee: Short sword       |    43 |       |       |       |       ||    43
       Dagger            |    46 |   119 |    76 |       |       ||   241
       Trident           |       |    88 |       |       |       ||    88
       Halberd           |       |       |    30 |       |       ||    30
       Mace              |       |       |    31 |       |       ||    31
       Quarterstaff      |       |       |    80 |   176 |     5 ||   261
 Fire: Longbow           |       |       |       |   199 |   149 ||   348
 Cast: Sting             |     9 |    26 |    83 |    40 |       ||   158
       Slow              |       |       |    45 |    92 |    11 ||   148
       Animate Dead      |       |       |       |     3 |       ||     3
       Irradiate         |       |       |       |    16 |     3 ||    19
       Lee's Rapid Decon |       |       |       |       |     4 ||     4
       Blink             |       |       |       |       |     2 ||     2
Evoke: Wand              |       |     4 |     1 |    18 |     3 ||    26
       Phantom mirror    |       |       |       |       |     1 ||     1
  Use: Scroll            |       |     2 |       |    13 |     1 ||    16
       Potion            |       |       |     1 |     2 |     2 ||     5
 Stab: Sleeping          |     4 |     6 |     4 |     3 |       ||    17
       Distracted        |       |     1 |       |     2 |       ||     3
Armor: Leather armour    |    27 |    45 |    49 |       |       ||   121
       Skin              |       |       |    13 |       |       ||    13
       Steam dragon scal |       |       |     6 |    55 |    22 ||    83
Dodge: Dodged            |    36 |   131 |   171 |   210 |    80 ||   628

Table legend: (Time is in decaauts)
 A = Elapsed time spent in this place.
 B = Non-inter-level travel time spent in this place.
 C = Inter-level travel time spent in this place.
 D = Time resting spent in this place.
 E = Time spent auto-exploring this place.
 F = Levels seen in this place.
 G = Mean time per level.
                   A        B        C        D        E       F      G
               +--------+--------+--------+--------+--------+-----+--------+
         Total |  24722 |  23316 |   1406 |   4661 |  14018 |  15 | 1648.1 |
       Dungeon |  19489 |  18210 |   1279 |   3246 |  11727 |  11 | 1771.7 |
        Temple |     25 |     16 |      9 |      0 |      0 |   1 |   25.0 |
          Lair |   5207 |   5089 |    118 |   1415 |   2291 |   3 | 1735.7 |
               +--------+--------+--------+--------+--------+-----+--------+

Top non-repeatable levels by time:
     D:8: 4950 daAuts
     D:4: 3910 daAuts
  Lair:2: 2589 daAuts
     D:7: 1780 daAuts
     D:5: 1753 daAuts
  Lair:1: 1717 daAuts
    D:10: 1463 daAuts
     D:3: 1422 daAuts
     D:1: 1212 daAuts
     D:6: 1210 daAuts
     D:9: 1129 daAuts
  Lair:3: 899 daAuts
     D:2: 655 daAuts
  Temple: 25 daAuts
    D:11: 1 daAuts
